 Dungeon Crawl Stone Soup version 0.30.0-10-gfe55d96785 (webtiles) character file.

Game seed: 16260844347683452813

42 croobank the Ducker (level 3, 0/17 HPs)
             Began as a Felid Fighter on May 14, 2023.
             Slain by a worm (8 damage)
             ... on level 2 of the Dungeon.
             The game lasted 00:03:01 (1122 turns).

croobank the Ducker (Felid Fighter)                 Turns: 1122, Time: 00:03:02

Health: 0/17       AC:  1    Str: 14    XL:     3   Next: 33%
Magic:  4/4        EV: 19    Int:  9    God:
Gold:   61         SH:  0    Dex: 15    Spells: 2/2 levels left
                                        Lives:  0   Deaths: 0

rFire   . .          .
                       - Unarmed
rCold   . . .        (shield unavailable)
rNeg    . . .        (body armour unavailable)
rPois   +            (helmet unavailable)
rElec   .            (cloak unavailable)
rCorr   .            (gloves unavailable)
SInv    +            (boots unavailable)
Will    ++...        c - amulet "Vauzoseh" {Acrobat Will++}
Stlth   +            i - ring of poison resistance
HPRegen 0.22/turn    (no ring)
MPRegen 0.09/turn

%: acrobat
@: quick
A: very small, claws 1, fangs 3, see invisible, speed 1, shaggy fur 1, stealthy
paws, no weapons or thrown items, no armour, multi-lived
a: no special abilities


You were on level 2 of the Dungeon.
You visited 1 branch of the dungeon, and saw 2 of its levels.

You collected 61 gold pieces.

Inventory:

Jewellery
 c - the amulet "Vauzoseh" (around neck) {Acrobat Will++}
   (You acquired it on level 2 of the Dungeon)

   [amulet of the acrobat]

   It increases your evasion while moving and waiting.
   Will:      It greatly increases your willpower.
 i - a ring of poison resistance (left paw)
Scrolls
 f - a scroll of fear {unknown}
 g - a scroll of identify {unknown}
 h - a scroll of enchant weapon {unknown}
 j - a scroll of immolation {unknown}
 k - a scroll of butterflies {unknown}
 l - a scroll of noise {unknown}
 m - a scroll of torment {unknown}
Potions
 a - a potion of might
 b - a potion of ambrosia {unknown}
 d - 4 potions of curing {unknown}
 e - 2 potions of heal wounds {unknown}
 n - 2 potions of cancellation {unknown}


   Skills:
 + Level 3.5 Fighting
 + Level 4.7 Dodging
 + Level 4.4 Unarmed Combat


You had 2 spell levels left.
You didn't know any spells.
Your spell library was empty.

Dungeon Overview and Level Annotations

Branches:
Dungeon (2/15)

Altars:


Innate Abilities, Weirdness & Mutations

You have sharp claws.
You have razor-sharp teeth.
You have supernaturally acute eyesight. (SInv)
You cover ground quickly. (Speed+)
You are covered in fur. (AC +1)
Your paws help you pounce on unaware monsters.
You are incapable of wielding weapons or throwing items.
You cannot wear armour.
You gain extra lives every three experience levels.


Message History

The kobold throws a stone.
The stone completely misses you. The kobold misses you.
You closely miss the kobold.
The kobold hits you with a +0 short sword.
You claw the kobold!
You kill the kobold!
Things that are here:
a +0 dagger; a goblin corpse
k - a scroll labelled ARE KOCENU You now have 61 gold pieces (gained 13).
l - a scroll labelled WEIMIPSU XYNN
m - a scroll labelled KYXTUT NEIQUGG
As you read the scroll labelled DILIBE CUTHRE, it crumbles to dust.
You feel aware of your surroundings.
It was a scroll of magic mapping.
This is a scroll of acquirement!
Something appears before you!
c - the amulet "Vauzoseh" {Acrobat Will++} You start putting on your amulet.
You continue putting on the amulet "Vauzoseh" {Acrobat Will++}. x5
You finish putting on the amulet "Vauzoseh" {Acrobat Will++}.
You feel ready to tumble and roll out of harm's way.
c - the amulet "Vauzoseh" (around neck) {Acrobat Will++}
i - a ring of poison resistance (left paw)
d - 4 yellow potions (gained 2)
e - 2 pink potions
n - 2 sedimented cyan potions A worm comes into view.
A rat and an endoplasm come into view.
The endoplasm quivers.
You scratch the worm. You bite the worm, but do no damage.
The worm is lightly wounded.
The worm completely misses you.
You barely miss the worm. The rat bites you. The worm bites you.
You scratch the worm.
The worm is moderately wounded.
The endoplasm misses you. The rat closely misses you.
You scratch the worm.
The worm is moderately wounded.
The rat misses you. The endoplasm hits you. The worm bites you!
You die...

,,,,#.#.#...,,,,,,,,*,***,,,,,,,,
#####.#.#.######*****,#*,,,,,,,,,
....#.#........# *.#*,,,,,,,,,
.#.............######.#*,,,,,,,,,
.#.##.##.......#......#*,,,,,,,,,
.#....#........#......#*,,,,,,,,,
#######........#......#*,***,****
...............#rJ....#*,* *,*
...........#....@w....#*,* *,*
#######....#.###.....##*,* *,* #
##...#.# #.....# *,***,* #
#.....# #.....# *,,,*,**** #
#...### #.....# *,,,*,*,,,
########...###########**,,,*,*,**
#...................#,,>,,,*,*,*
#.######...########.#,******,*,**
#.#...#############.#.# *,*,*,


You could see a worm, an endoplasm and a rat.

Vanquished Creatures
  An adder (D:2)
  10 ball pythons
  3 bats
  An endoplasm (D:2)
  A giant cockroach (D:1)
  3 goblins
  3 hobgoblins
  A quokka (D:1)
  3 kobolds
  6 rats
32 creatures vanquished.

Notes
Turn   | Place    | Note
-------+----------+-------------------------------------------
     0 | D:1      | croobank the Felid Fighter began the quest for the Orb.
     0 | D:1      | Reached XP level 1. HP: 10/10 MP: 2/2
   184 | D:1      | Reached XP level 2. HP: 13/14 MP: 3/3
   779 | D:2      | Reached XP level 3. HP: 17/17 MP: 4/4
  1029 | D:2      | Identified a scroll of acquirement
  1029 | D:2      | Acquired the amulet "Vauzoseh" {Acrobat Will++}
  1122 | D:2      | Slain by a worm

Illustrated notes

Levels and vault maps discovered:
D:1:      dpeg_chamrin_arrival_tetris, layout_basic, st_stairs_10
D:2:      layout_basic, minmay_pentomino_q2

Action                     || total
---------------------------++-------
  Melee: Unarmed           ||    71
         Bite              ||     5
    Use: Scroll            ||     2
   Stab: Sleeping          ||     2
 Armour: Skin              ||     3
  Dodge: Dodged            ||    66
